 Dungeon Crawl Stone Soup version 0.18-a0-1292-ge8ad84c (webtiles) character file.

227 MrRokkomies the Ruffian (level 6, -2/57 HPs)
             Began as a Ghoul Monk on Feb 10, 2016.
             Was a Follower of Ru.
             Slain by an orc
             ... wielding a +0 club
              (5 damage)
             ... on level 4 of the Dungeon.
             The game lasted 00:05:33 (2933 turns).

MrRokkomies the Ruffian (Ghoul Monk)                Turns: 2933, Time: 00:05:33

Health: -2/57      AC:  3    Str: 16    XL:     6   Next: 2%
Magic:  5/5        EV: 12    Int:  6    God:    Ru [*.....]
Gold:   161        SH:  0    Dex: 11    Spells: 0 memorised, 5 levels left

rFire  . . .     SeeInvis .       - Unarmed
rCold  + . .     Gourm    .     a - +0 robe
rNeg   + + +     Faith    .     (no shield)
rPois  ∞         Spirit   .     (no helmet)
rElec  .         Dismiss  .     i - +0 cloak
rCorr  .         Reflect  .     (no gloves)
SustAt .         Harm     .     (no boots)
MR     .....                    (no amulet)
Stlth  ++........               (no ring)
                                (no ring)

@: rotting, not resistant to hostile enchantments, unstealthy
A: rotting body, claws 1, carnivore 3, cold resistance 1, negative energy
resistance 3, slow regeneration 1, torment resistance, unbreathing, hated by all
a: Renounce Religion


You were on level 4 of the Dungeon.
You worshipped Ru.
Ru was aware of your devotion.
You were not hungry.

You visited 1 branch of the dungeon, and saw 4 of its levels.

You collected 161 gold pieces.

Inventory:

Armour
 a - a +0 robe (worn)
 i - a +0 cloak (worn)
Wands
 j - a wand of digging (1/24)
Scrolls
 d - a scroll of remove curse
Potions
 c - a potion of haste
 m - a potion of cure mutation {unknown}
Comestibles
 b - 4 meat rations
 k - a beef jerky


   Skills:
 * Level 5.6 Fighting
 - Level 2.6 Dodging
 - Level 2.1 Stealth
 * Level 6.1 Unarmed Combat


You had 5 spell levels left.
You didn't know any spells.

Dungeon Overview and Level Annotations

Branches:
Dungeon (4/15)
 Temple: D:4-7

Altars:
Cheibriados
Pakellas
Ru


Innate Abilities, Weirdness & Mutations

Your body is rotting away.
You thrive on raw meat.
You are immune to poison.
You have sharp fingernails.
You are carnivorous and can eat meat at any time.
Your flesh is cold resistant.
You are immune to negative energy.
You regenerate slowly when monsters are visible.
You are immune to unholy pain and torment.
You can survive without breathing.
You are hated by all.


Message History

Drink which item? (? for menu, Esc to quit)
You feel better. The orc wizard hits you with a dagger.
The orc closely misses you. The orc wizard casts a spell at you.
The magic dart hits you!
* * * LOW HITPOINT WARNING * * *
The orc hits you but does no damage. The orc closely misses you.
Things that are here:
a dagger; a robe; an orc corpse The orc wizard hits you with a dagger.
* * * LOW HITPOINT WARNING * * *
You claw the orc wizard!
You kill the orc wizard!
You have reached level 6!
Your experience leads to an increase in your attributes!
Increase (S)trength, (I)ntelligence, or (D)exterity?
You feel clever. The orc hits you with a club.
You die...

#.....# #.....#
#.....# #....<#
#.....# #.....#
#.....# ##
####'####.+
###..@##.#.#+##
#.....o........
#....o......)..
........o..).....
#########o.######
#†###...#
#s.......
#.........
##........


You could see a scorpion and 4 orcs.

Vanquished Creatures
  Terence (D:2)
  2 orc wizards (D:4)
  A worker ant (D:3)
  A gnoll (D:3)
  5 adders
  An ooze (D:3)
  3 worms
  A giant gecko (D:1)
  2 orcs
  2 ball pythons
  6 bats
  5 giant cockroaches
  7 goblins
  7 hobgoblins
  A jackal (D:1)
  6 kobolds
  2 quokkas
  A giant newt (D:1)
  5 rats
59 creatures vanquished.

Notes
Turn   | Place    | Note
--------------------------------------------------------------
     0 | D:1      | MrRokkomies the Ghoul Monk began the quest for the Orb.
     0 | D:1      | Reached XP level 1. HP: 19/19 MP: 0/0
   187 | D:1      | Reached XP level 2. HP: 15/26 MP: 1/1
   699 | D:2      | Reached XP level 3. HP: 14/33 MP: 2/2
   876 | D:2      | Reached skill level 5 in Unarmed Combat
  1146 | D:2      | Noticed Terence
  1153 | D:2      | Killed Terence
  1153 | D:2      | Reached XP level 4. HP: 25/41 MP: 3/3
  1257 | D:2      | Found a sacrificial altar of Ru.
  1541 | D:2      | Became a worshipper of Ru the Awakened
  1557 | D:2      | Gained mutation: You are hated by all. [Ru sacrifice]
  1557 | D:2      | Reached * piety under Ru
  2003 | D:3      | Found an oddly glowing altar of Pakellas.
  2156 | D:3      | Reached XP level 5. HP: 37/44 MP: 4/4
  2165 | D:3      | Found a snail-covered altar of Cheibriados.
  2235 | D:3      | Reached skill level 5 in Fighting
  2908 | D:4      | Reached skill level 6 in Unarmed Combat
  2930 | D:4      | Reached XP level 6. HP: 3/57 MP: 5/5
  2933 | D:4      | Slain by an orc

Vault maps used:
D:1:      eino_arrival_druids_welcome
D:2:      first_bread, minmay_misc_feat_nine_boxes,
          nicolae_ru_sacrificial_ziggurat, uniq_terence
D:3:      johnstein_pakellas_dig, marbit_many_paths, grunt_ministairs_8,
          minmay_fountain_box, kennysheep_generic_room_3,
          uniq_crazy_yiuf_cottage
D:4:      kennysheep_goblin_castle, kennysheep_mini, guppyfry_early_orc_mine

Action                   |  1- 3 |  4- 6 || total
-------------------------+-------+-------++-------
Melee: Unarmed           |    97 |   129 ||   226
Invok: Sacrifice Love    |       |     1 ||     1
  Use: Scroll            |       |     5 ||     5
       Potion            |       |     2 ||     2
 Stab: Sleeping          |     4 |     2 ||     6
  Eat: Chunk             |    10 |     8 ||    18
